 Dungeon Crawl Stone Soup version 0.30-a0-782-ge64f9170bb (webtiles) character file.

Game seed: 4038439186388694115

753 tilp the Slasher (level 8, -12/68 HPs)
             Began as a Meteoran Fighter on Feb 23, 2023.
             Mangled by an ogre
             ... wielding a +0 giant spiked club
              (22 damage)
             ... on level 4 of the Dungeon.
             The game lasted 00:08:32 (2092 turns).

tilp the Slasher (Meteoran Fighter)                 Turns: 2092, Time: 00:08:33

Health: -12/68     AC:  9    Str: 17    XL:     8   Next: 28%
Magic:  9/9        EV:  8    Int:  9    God:
Gold:   199        SH: 10    Dex: 17    Spells: 7/7 levels left

rFire   . . .      SeeInvis .    a - +0 long sword
rCold   . . .      Faith    .    c - +0 buckler
rNeg    . . .      Spirit   .    t - +0 chain mail
rPois   .          Reflect  +    (no helmet)
rElec   .          Harm     .    (no cloak)
rCorr   .          Rampage  .    (no gloves)
Will    +....                    (no boots) Stlth
                                 i - amulet of reflection
HPRegen 0.31/turn                (no ring)
MPRegen 0.11/turn                (no ring)

@: glowing
A: sense surroundings 1, otherworldly, glowing, explore regen
a: no special abilities


You were on level 4 of the Dungeon.
You visited 1 branch of the dungeon, and saw 5 of its levels.

You collected 199 gold pieces.

Inventory:

Hand Weapons
 a - a +0 long sword (weapon)
Missiles
 e - 12 stones
 h - 3 boomerangs (quivered)
 k - 5 javelins
 r - 4 poisoned darts
Armour
 b - a +1 scale mail
 c - a +0 buckler (worn)
 t - a +0 chain mail (worn)
 w - the +6 ring mail of Lethargy {+Blink rF- Regen+ Stlth+}
   (You took it off an orc on level 4 of the Dungeon)

   rF:        It makes you vulnerable to fire.
   +Blink:    It lets you blink.
   Regen:     It increases your rate of health regeneration.
   Stlth:     It makes you more stealthy.
Jewellery
 i - an amulet of reflection (around neck)
Wands
 l - a wand of polymorph (4)
Scrolls
 f - 2 scrolls of enchant armour
 n - 2 scrolls of teleportation {unknown}
 o - a scroll of identify
 p - a scroll of fear {unknown}
 q - 2 scrolls of vulnerability {unknown}
 v - a scroll of fog {unknown}
Potions
 d - a potion of curing {unknown}
 g - 2 potions of mutation
 j - a potion of haste
 m - a potion of lignification {unknown}
 s - 2 potions of brilliance {unknown}
 u - a potion of ambrosia {unknown}
 x - a potion of attraction {unknown}
 z - a potion of heal wounds {unknown}


   Skills:
 * Level 5.2 Fighting
 * Level 7.0 Long Blades
 + Level 3.1 Throwing
 - Level 4.0 Armour
 + Level 3.1 Dodging
 - Level 4.0 Shields
 + Level 2.3 Evocations


You had 7 spell levels left.
You didn't know any spells.
Your spell library was empty.

Dungeon Overview and Level Annotations

Branches:
Dungeon (5/15) Zot: 830
 Temple: D:4-7

Altars:

Annotations:
D:4 3 runed translucent doors, derval's ghost, amateur OpSu


Innate Abilities, Weirdness & Mutations

You passively map a small area around you.
You are easily found by Zot.
You glow in the dark.
You regain HP and MP as you explore.


Message History

x - a murky grey potion
z - a white potion
Found a ring mail.
Found 8 gold pieces.
The ogre shouts!
Found a stone staircase leading down.
You throw a boomerang. The boomerang hits the ogre.
The ogre is lightly wounded.
You throw a boomerang. The boomerang hits the ogre.
The ogre is moderately wounded.
You slash the ogre!
The ogre is heavily wounded.
The ogre hits you with a +0 giant spiked club!!
You completely miss the ogre.
The ogre is heavily wounded.
The ogre hits you with a +0 giant spiked club!!
You completely miss the ogre.
The ogre is heavily wounded.
You barely miss the ogre.
The ogre is heavily wounded.
The ogre barely misses you.
You completely miss the ogre.
The ogre is heavily wounded.
You block the ogre's attack.
Aiming: Polymorph
Press: ? - help, Shift-Dir - straight line, f/p - ogre
Aim: an ogre, wielding a +0 giant spiked club (heavily wounded, will become a sky beast, a black mamba, or a frilled lizard, chance to affect: 55%)
The ogre resists with significant effort.
Unknown command.
You completely miss the ogre.
The ogre is heavily wounded.
The ogre hits you with a +0 giant spiked club!!
* * * LOW HITPOINT WARNING * * *
You hit the ogre.
The ogre is heavily wounded.
You block the ogre's attack.
You completely miss the ogre.
The ogre is heavily wounded.
The ogre hits you with a +0 giant spiked club!!
You die...

## .. # *# ###.... #.#.*#
##.#...### #...## *
#...$...>. *.#...
#.###......... #......
###.#.#........., ..#.#..
#............... , # #..
###..##.......... * #..
##.....##.@......., ,
*##. #[.........O......
## #................ #
###.............. , ##
#..................#.. #.
##..................#....
##...#####.........#.###
##..##............... #
##..##..............###


You could see an ogre.

Vanquished Creatures
  A steam dragon (D:4)
  A centaur (D:5)
  2 scorpions (D:4)
  A vampire bat (D:3)
  A howler monkey (D:4)
  An orc priest (D:4)
  Natasha (twice) (D:4)
  An iguana (D:4)
  2 orc wizards (D:4)
  4 adders
  4 worms
  A dart slug (D:1)
  3 fire bats (D:3)
  11 orcs
  2 spectral bats (D:3)
  5 ball pythons
  3 bat skeletons (D:3)
  A bat zombie (D:3)
  7 endoplasms
  3 giant cockroaches
  7 goblins
  8 hobgoblins
  6 jackals
  5 kobolds
  3 quokkas
  14 bats
  A bat simulacrum (D:3)
  6 frilled lizards
  3 rats
109 creatures vanquished.

Notes
Turn   | Place    | Note
-------+----------+-------------------------------------------
     0 | D:1      | tilp the Meteoran Fighter began the quest for the Orb.
     0 | D:1      | Reached XP level 1. HP: 19/19 MP: 2/2
    62 | D:1      | Reached XP level 2. HP: 21/26 MP: 3/3
   114 | D:1      | Reached skill level 3 in Long Blades
   132 | D:1      | Reached skill level 1 in Dodging
   166 | D:1      | Reached XP level 3. HP: 31/31 MP: 4/4
   227 | D:1      | Found a faded altar of an unknown god.
   366 | D:2      | Reached XP level 4. HP: 31/40 MP: 5/5
   434 | D:2      | Reached skill level 1 in Throwing
   942 | D:3      | Reached skill level 4 in Long Blades
  1018 | D:3      | Reached XP level 5. HP: 35/46 MP: 6/6
  1242 | D:4      | Noticed an ogre
  1519 | D:3      | Reached skill level 5 in Long Blades
  1519 | D:3      | Reached XP level 6. HP: 52/52 MP: 7/7
  1540 | D:3      | Reached skill level 6 in Long Blades
  1580 | D:4      | Found a runed translucent gate.
  1580 | D:4      | Found a runed translucent gate.
  1582 | D:4      | Found a runed translucent gate.
  1585 | D:4      | Noticed derval's ghost (amateur OpSu)
  1663 | D:4      | Reached XP level 7. HP: 37/59 MP: 8/8
  1698 | D:4      | Noticed a steam dragon
  1710 | D:4      | Killed a steam dragon
  1711 | D:4      | Reached skill level 1 in Evocations
  1716 | D:4      | Noticed Natasha
  1720 | D:4      | Killed Natasha
  1740 | D:5      | Entered Level 5 of the Dungeon
  1800 | D:4      | Reached XP level 8. HP: 34/67 MP: 9/9
  1879 | D:5      | Reached skill level 5 in Fighting
  1931 | D:4      | Identified the +6 ring mail of Lethargy {+Blink rF- Regen+
                  | Stlth+}
  1958 | D:4      | Noticed Natasha
  1966 | D:4      | Killed Natasha
  1967 | D:4      | Reached skill level 7 in Long Blades
  2092 | D:4      | Mangled by an ogre

Illustrated notes

Levels and vault maps discovered:
D:1:      dpeg_arrival_rhombi, layout_loops_ring, basic_ecumenical_altar,
          minmay_heptomino_d4
D:2:      layout_basic
D:3:      layout_loops_cross, hangedman_glass_teeth, goddamned_bats
D:4:      layout_cave_pools, ebering_ghost_rock_garden, uniq_natasha
D:5:      layout_basic, elyvilon_altar_3, minmay_temple_entry_fiery,
          st_stairs_6, nicolae_fountain_basement

Skill      XL: |  1  2  3  4  5  6  7  8 |
---------------+-------------------------+-----
Long Blades    | 3 4 5 6 7 |  7.0
Dodging        | 1 2 3 |  3.1
Throwing       | 1 2 3 |  3.1
Fighting       | 4 5 |  5.2
Armour         | 4 |  4.0
Shields        | 4 |  4.0
Evocations     | 2 |  2.3

Action                     |  1- 3 |  4- 6 |  7- 9 || total
---------------------------+-------+-------+-------++-------
  Melee: Long sword        |    65 |   216 |    74 ||   355
  Throw: Boomerang         |       |     2 |     2 ||     4
  Evoke: Wand              |       |       |     1 ||     1
    Use: Scroll            |     3 |     1 |       ||     4
         Potion            |       |       |     1 ||     1
 Armour: Scale mail        |    38 |   138 |       ||   176
         Chain mail        |       |     7 |    35 ||    42
  Dodge: Dodged            |    30 |   120 |    18 ||   168
  Block: Buckler           |    11 |   158 |    41 ||   210
         Reflection        |       |     3 |     4 ||     7

Table legend: (Time is in decaauts)
 A = Elapsed time spent in this place.
 B = Non-inter-level travel time spent in this place.
 C = Inter-level travel time spent in this place.
 D = Time resting spent in this place.
 E = Time spent auto-exploring this place.
 F = Levels seen in this place.
 G = Mean time per level.
                   A        B        C        D        E       F      G
               +--------+--------+--------+--------+--------+-----+--------+
         Total |   2168 |   1903 |    265 |      4 |      0 |   5 |  433.6 |
       Dungeon |   2168 |   1903 |    265 |      4 |      0 |   5 |  433.6 |
               +--------+--------+--------+--------+--------+-----+--------+

Top non-repeatable levels by time:
     D:3: 754 daAuts
     D:2: 547 daAuts
     D:4: 531 daAuts
     D:1: 308 daAuts
     D:5: 27 daAuts
